 Seeded DCSS version 0.29-a0-582-ge82337ba6a (webtiles) character file.

Game seed: 585938074022289478 (custom seed)

11099 happo123 the Grappler (level 11, -5/114 HPs)
             Began as a Troll Transmuter on June 14, 2022.
             Was the Champion of Jiyva.
             Slain by a komodo dragon (13 damage)
             ... on level 1 of the Lair of Beasts.
             The game lasted 00:36:57 (9939 turns).

happo123 the Grappler (Troll Transmuter)            Turns: 9939, Time: 00:36:57

Health: -5/114     AC:  9    Str: 30    XL:     11   Next: 44%
Magic:  16/16      EV: 13    Int: 15    God:    Jiyva [******]
Gold:   522        SH:  0    Dex: 10    Spells: 15/18 levels left

rFire   + + .      SeeInvis +   o - +1 mace (protect)
rCold   . . .      Faith    .   (no shield)
rNeg    . . .      Spirit   .   E - +0 troll leather armour
rPois   .          Reflect  .   (helmet currently unavailable)
rElec   .          Harm     .   i - +0 cloak
rCorr   +          Rampage  .   (gloves unavailable)
Will    .....                   (boots unavailable)
Stlth   +.........              (no amulet)
HPRegen 3.49/turn               v - ring of Demons {rC+ Str+6 Int+2 SInv}
MPRegen 0.65/turn               B - ring of fire

@: appendages, invisible
A: horns 2, talons 2, large, unfitting armour, claws 3, regeneration 1, shaggy
fur 1, tough skin 1, fire resistance 1, robust 1, strong 2, gelatinous body 2,
jelly sensing items
a: End Transformation, Renounce Religion, Oozemancy, Slimify


You were on level 1 of the Lair of Beasts.
You worshipped Jiyva.
Jiyva was exalted by your worship.
You had temporarily grown beastly horns and talons.
You visited 3 branches of the dungeon, and saw 13 of its levels.

You collected 522 gold pieces.

Inventory:

Hand Weapons
 m - a +0 arbalest
 o - a +1 mace of protection (weapon)
 s - a +2 antimagic flail
 G - the +3 rapier of Kiar {vorpal, rElec rPois Dex-4 SInv}
   (You found it on level 10 of the Dungeon)

   It inflicts extra damage upon your enemies.
   Dex:       It affects your dexterity (-4).
   rElec:     It insulates you from electricity.
   rPois:     It protects you from poison.
   SInv:      It lets you see invisible.
 R - a +4 dire flail
Armour
 i - a +0 cloak (worn)
 k - a +1 hat of willpower (melded)
 q - a +1 robe of fire resistance
 y - a +2 robe of willpower
 E - a +0 troll leather armour (worn)
Magical Staves
 l - a staff of fire
Jewellery
 v - the ring of Demons (left claw) {rC+ Str+6 Int+2 SInv}
   (You found it on level 5 of the Dungeon)

   [ring of strength]

   Str:       It affects your strength (+6).
   Int:       It affects your intelligence (+2).
   rC:        It protects you from cold.
   SInv:      It lets you see invisible.
 B - a ring of fire (right claw)
Wands
 x - a wand of paralysis (8)
 F - a wand of flame (11)
Scrolls
 d - a scroll of vulnerability
 f - a scroll of identify
 j - a scroll of amnesia
 t - a scroll of immolation
 w - 2 scrolls of teleportation
 C - a scroll of poison
 I - 3 scrolls of enchant weapon
Potions
 a - a potion of mutation {unknown}
 b - 2 potions of lignification
 c - 7 potions of curing
 e - a potion of invisibility
 g - 2 potions of degeneration {unknown}
 h - 2 potions of berserk rage
 n - a potion of cancellation {unknown}
 p - 3 potions of brilliance
 r - 2 potions of magic {unknown}
 u - a potion of flight {unknown}
 z - a potion of might {unknown}
 A - a potion of ambrosia {unknown}
 D - a potion of attraction {unknown}
 H - a potion of resistance
 J - 2 potions of haste {unknown}


   Skills:
 + Level 5.5 Fighting
 + Level 4.2 Maces & Flails
 + Level 5.7 Dodging
 * Level 10.1 Unarmed Combat
 + Level 4.4 Spellcasting
 * Level 7.4 Transmutations


You had 15 spell levels left.
You knew the following spells:

 Your Spells              Type           Power      Damage    Failure   Level
a - Beastly Appendage     Tmut           50%        N/A       1%          1
b - Wereblood             Tmut           25%        N/A       1%          2

Your spell library contained the following spells:

 Spells                   Type           Power      Damage    Failure   Level
 Spider Form              Tmut/Pois      14%        N/A       13%         3
 Blink                    Tloc           6%         N/A       28%         2
 Ice Form                 Ice/Tmut       14%        N/A       38%         4
 Gell's Gravitas          Tloc           3%         N/A       50%         3
 Lesser Beckoning         Tloc           3%         N/A       50%         3
 Ozocubu's Armour         Ice            3%         N/A       50%         3
 Teleport Other           Tloc           3%         N/A       50%         3
 Manifold Assault         Tloc           3%         N/A       99%         5
 Dispersal                Tloc           1%         N/A       100%        6
 Ozocubu's Refrigeration  Ice            1%         4d5       100%        7


Dungeon Overview and Level Annotations

Branches:
Dungeon (11/15)            Temple (1/1) D:4            Lair (1/6) D:8
    Orc: D:9-12

Altars:
Ashenzari
Cheibriados
Dithmenos
Elyvilon
Fedhas
Gozag
Hepliaklqana
Kikubaaqudgha
Makhleb
Nemelex Xobeh
Okawaru
Qazlal
Ru
Sif Muna
Trog
Uskayaw
Vehumet
Wu Jian
Xom
Yredelemnul
Zin
The Shining One
Jiyva

Shops:
D:11 *


Innate Abilities, Weirdness & Mutations

You have temporarily grown beastly horns and talons.
You are too large for most types of armour.
You have claws for hands.
Your natural rate of healing is unusually fast.
You are covered in fur. (AC +1)
You have tough skin. (AC +1)
Your flesh is heat resistant. (rF+)
You are robust. (+10% HP)
Your muscles are very strong. (Str +4)
Your pliable body absorbs attacks. (AC +2, EV +2)
You have a small jelly attached to you that senses nearby items.


Message History

The komodo dragon bites you but does no damage.
The black mamba barely misses you.
You hit the black mamba. Your kick misses the black mamba.
The black mamba is moderately wounded.
You feel very sick.
The black mamba bites you but does no damage.
The komodo dragon bites you but does no damage.
The black mamba bites you. The komodo dragon closely misses you.
You hit the black mamba.
You claw the black mamba, but do no damage.
You headbutt the black mamba.
The black mamba is heavily wounded.
You feel very sick. The black mamba bites you.
You are more poisoned.
The black mamba poisons you!
The black mamba bites you but does no damage.
The komodo dragon barely misses you.
You barely miss the black mamba. Your kick misses the black mamba.
Your headbutt misses the black mamba.
The black mamba is heavily wounded.
You feel extremely sick.
The black mamba bites you. x2; The komodo dragon bites you!
* * * LOW HITPOINT WARNING * * *
You closely miss the black mamba.
The black mamba is heavily wounded.
You feel extremely sick.
The black mamba bites you but does no damage.
The komodo dragon bites you!
* * * LOW HITPOINT WARNING * * *
The black mamba closely misses you.
You feel better. The black mamba bites you!
* * * LOW HITPOINT WARNING * * *
The komodo dragon closely misses you. The black mamba closely misses you.
Okay, then.
Okay, then.
It was a potion of invisibility.
You fade into invisibility!
The black mamba completely misses you. The komodo dragon bites you!
You die...

......
#....###
#.....
##..##
##... #..#
#..> #..#
#..
#######..#
.........#
#####.#..#
###..#
#@.# #lS#
.....
....###
......
.....###
#.#...#
#......


You could see a komodo dragon (can't see you) and a black mamba (can't see you).

Vanquished Creatures
  A two-headed ogre (D:11)
  Nergalle (D:10)
  The ghost of pigah the Zephyrmancer, a novice OpAE of Gozag (D:10)
  A centaur zombie (D:10)
  A gargoyle (D:10)
  A cane toad (Lair:1)
  An unseen horror (D:11)
  An unseen horror zombie (D:10)
  2 trolls
  A hornet (D:7)
  Grinder (D:6)
  Sigmund (D:4)
  18 yaks
  2 water moccasins
  An acid dragon (D:11)
  An ice beast (D:7)
  An orc warrior (D:8)
  3 black bears
  A sky beast (D:7)
  2 ogres
  4 centaurs
  4 bullfrogs
  A necrophage (D:4)
  A gnoll sergeant (D:8)
  6 scorpions
  3 wights (D:7)
  9 killer bees
  7 howler monkeys
  A jelly (D:4)
  A crimson imp (D:8)
  3 orc priests (D:8)
  A hound (D:6)
  Crazy Yiuf (D:5)
  A gnoll shaman (D:9)
  2 iguanas
  12 orc wizards
  A statue (D:4)
  13 gnolls
  5 adders
  2 shadow imps
  3 white imps
  4 ufetubi
  2 worms (D:2)
  2 dart slugs (D:1)
  20 orcs
  11 ball pythons
  6 endoplasms
  7 giant cockroaches
  6 goblins
  9 hobgoblins
  8 jackals (D:1)
  A quokka (D:2)
  4 bats
  5 frilled lizards (D:1)
  4 kobolds
  4 rats
216 creatures vanquished.

Vanquished Creatures (collateral kills)
  A two-headed ogre (D:9)
  A water moccasin (D:9)
  A bullfrog (D:9)
  An orc wizard (D:9)
4 creatures vanquished.

Vanquished Creatures (others)
  The ghost of samgaumpmail the Unseen, a novice SpEn of Gozag (D:8)
  A yak (Lair:1)
  A wight (D:7)
  13 jellies
  20 fungi
  27 plants
  2 withered plants (D:8)
65 creatures vanquished.

Grand Total: 285 creatures vanquished

Notes
Turn   | Place    | Note
-------+----------+-------------------------------------------
     0 | D:1      | happo123 the Troll Transmuter began the quest for the Orb.
     0 | D:1      | Reached XP level 1. HP: 18/18 MP: 1/1
   218 | D:1      | Reached XP level 2. HP: 17/26 MP: 0/3
   261 | D:1      | Reached skill level 1 in Fighting
   407 | D:1      | Reached XP level 3. HP: 33/33 MP: 4/4
   457 | D:1      | Learned a level 2 spell: Wereblood
  1076 | D:2      | Reached XP level 4. HP: 39/41 MP: 3/5
  2509 | D:3      | Reached skill level 4 in Unarmed Combat
  2657 | D:3      | Found a faded altar of an unknown god.
  2737 | D:4      | Noticed a necrophage
  2742 | D:4      | Killed a necrophage
  2743 | D:4      | Reached XP level 5. HP: 38/48 MP: 4/6
  2959 | D:4      | Found a staircase to the Ecumenical Temple.
  2970 | D:4      | Noticed a black bear
  2979 | D:4      | Killed a black bear
  2980 | D:4      | Reached XP level 6. HP: 52/57 MP: 7/7
  3022 | D:4      | Noticed Sigmund
  3037 | D:4      | Killed Sigmund
  3129 | D:4      | Reached skill level 5 in Unarmed Combat
  3303 | D:4      | Found a radiant altar of Vehumet.
  3317 | D:4      | Reached XP level 7. HP: 64/65 MP: 9/9
  3576 | D:4      | Found a shimmering blue altar of Sif Muna.
  3602 | Temple   | Entered the Ecumenical Temple
  3615 | Temple   | Became a worshipper of Jiyva Joatoph the Shapeless
  3701 | D:5      | Entered Level 5 of the Dungeon
  3733 | D:5      | Found a sparkling altar of Nemelex Xobeh.
  3974 | D:5      | Identified the ring of Demons {rC+ Str+6 Int+2 SInv}
  4059 | D:5      | Reached * piety under Jiyva
  4629 | D:5      | Found a white marble altar of Elyvilon.
  4726 | D:5      | Found a runed translucent door.
  4727 | D:5      | Noticed Crazy Yiuf
  4742 | D:5      | Killed Crazy Yiuf
  4871 | D:6      | Reached ** piety under Jiyva
  5033 | D:6      | Found a shadowy altar of Dithmenos.
  5076 | D:6      | Reached XP level 8. HP: 50/74 MP: 10/10
  5132 | D:6      | Reached *** piety under Jiyva
  5228 | D:6      | Noticed Grinder
  5245 | D:6      | Killed Grinder
  5246 | D:6      | Reached skill level 6 in Unarmed Combat
  5453 | D:6      | Gained mutation: Your flesh is heat resistant. (rF+)
                  | [Jiyva's grace]
  5453 | D:6      | Gained mutation: Your flesh is very heat resistant. (rF++)
                  | [Jiyva's grace]
  5453 | D:6      | Gained mutation: Your flesh is almost immune to the effects
                  | of heat. (rF+++) [Jiyva's grace]
  5453 | D:6      | Gained mutation: Your translucent skin slightly reduces
                  | your foes' accuracy. (Stealth+) [Jiyva's grace]
  6095 | D:7      | Found an opulent altar of Gozag.
  6113 | D:7      | Reached **** piety under Jiyva
  6349 | D:7      | Noticed a hornet
  6356 | D:7      | Paralysed by a hornet for 2 turns
  6362 | D:7      | Killed a hornet
  6394 | D:7      | Found a sacrificial altar of Ru.
  6662 | D:7      | Reached skill level 7 in Unarmed Combat
  6662 | D:7      | Reached XP level 9. HP: 81/82 MP: 12/12
  6675 | D:7      | Reached skill level 5 in Transmutations
  6716 | D:7      | Found a hazy altar of Hepliaklqana.
  6717 | D:7      | Found a shimmering altar of Xom.
  6718 | D:7      | Noticed a spectral ugly thing
  6802 | D:7      | Found a hide-covered altar of Uskayaw.
  6945 | D:8      | Reached skill level 1 in Maces & Flails
  6951 | D:8      | Found a staircase to the Lair.
  6967 | D:8      | Found a runed translucent door.
  6968 | D:8      | Noticed samgaumpmail's ghost (novice SpEn)
  6984 | D:8      | Reached ***** piety under Jiyva
  6989 | D:8      | Lost mutation: Your flesh is almost immune to the effects
                  | of heat. (rF+++) [Jiyva's grace]
  6989 | D:8      | Lost mutation: Your translucent skin slightly reduces your
                  | foes' accuracy. (Stealth+) [Jiyva's grace]
  6989 | D:8      | Gained mutation: Your rubbery body absorbs attacks. (AC +1,
                  | EV +1) [Jiyva's grace]
  6989 | D:8      | Gained mutation: Your pliable body absorbs attacks. (AC +2,
                  | EV +2) [Jiyva's grace]
  6989 | D:8      | Gained mutation: Your gelatinous body deflects attacks. (AC
                  | +3, EV +3) [Jiyva's grace]
  6989 | D:8      | Gained mutation: You are strong-willed. (Will+) [Jiyva's
                  | grace]
  7301 | D:8      | Found a burning altar of Makhleb.
  7557 | D:8      | Killed samgaumpmail's ghost
  7587 | D:9      | Identified a scroll of acquirement
  7600 | D:9      | Reached skill level 8 in Unarmed Combat
  7621 | D:9      | Noticed a two-headed ogre
  7629 | D:9      | Killed a two-headed ogre
  7630 | D:9      | Reached XP level 10. HP: 22/94 MP: 14/14
  7737 | D:8      | Acquired a +1 hat of willpower
  8029 | D:9      | Reached skill level 5 in Dodging
  8108 | D:10     | Entered Level 10 of the Dungeon
  8133 | D:10     | Found a runed translucent gate.
  8133 | D:10     | Found a runed translucent gate.
  8133 | D:10     | Found a runed translucent gate.
  8133 | D:10     | Noticed pigah's ghost (novice OpAE)
  8214 | D:10     | Reached skill level 9 in Unarmed Combat
  8268 | D:10     | Noticed Nergalle
  8283 | D:10     | Killed Nergalle
  8284 | D:10     | Reached skill level 5 in Fighting
  8516 | D:10     | Found an ornate altar of the Wu Jian Council.
  8582 | D:10     | Found a basalt altar of Yredelemnul.
  8595 | D:10     | Reached XP level 11. HP: 102/102 MP: 16/16
  8790 | D:10     | Identified the +3 rapier of Kiar {vorpal, rElec rPois Dex-4
                  | SInv}
  8792 | D:10     | Lost mutation: Your flesh is very heat resistant. (rF++)
                  | [Jiyva's grace]
  8792 | D:10     | Lost mutation: You are strong-willed. (Will+) [Jiyva's
                  | grace]
  8792 | D:10     | Lost mutation: Your gelatinous body deflects attacks. (AC
                  | +3, EV +3) [Jiyva's grace]
  8792 | D:10     | Gained mutation: You have a small jelly attached to you
                  | that senses nearby items. [Jiyva's grace]
  8792 | D:10     | Gained mutation: Your muscles are strong. (Str +2) [Jiyva's
                  | grace]
  8792 | D:10     | Gained mutation: Your muscles are very strong. (Str +4)
                  | [Jiyva's grace]
  8792 | D:10     | Gained mutation: You are robust. (+10% HP) [Jiyva's grace]
  9151 | D:10     | Killed pigah's ghost
  9363 | D:11     | Noticed a two-headed ogre
  9369 | D:11     | Killed a two-headed ogre
  9506 | D:11     | Reached skill level 10 in Unarmed Combat
  9513 | D:11     | Found Lusulimy's Assorted Antiques.
  9547 | D:11     | Reached ****** piety under Jiyva
  9814 | Lair:1   | Entered Level 1 of the Lair of Beasts
  9937 | Lair:1   | HP: 3/114 [komodo dragon (14)]
  9939 | Lair:1   | Slain by a komodo dragon

Illustrated notes

Levels and vault maps discovered:
D:1:      dpeg_arrival_rooms_a, layout_loops_cross, minmay_shallow_snake_nest
D:2:      layout_basic, ebering_dispersal_statue_hall, grunt_decor_arrowhead,
          grunt_ministairs_3
D:3:      layout_loops_ring, hellmonk_ecumenical_altar_leap_of_faith
D:4:      layout_gridville, lemuel_blue_sif_altar, vehumet_statue,
          minmay_temple_entry_glass, uniq_sigmund
D:5:      layout_loops_corners, nicolae_elyvilon_temple_path,
          amcnicky_altar_gilded, minmay_misc_feat_square,
          uniq_crazy_yiuf_cottage
D:6:      layout_layer_cave, nicolae_dithmenos_shadow_blocks, minivault_24,
          uniq_grinder
D:7:      layout_basic, regret_index_temple_of_mockery, grunt_gozag_statues,
          marbit_many_paths, mainiacjoe_overflow_paths
D:8:      layout_loops_cross, makhleb_grotto_becter,
          grunt_lair_entry_orc_guard_hut, gammafunk_ghost_grave
D:9:      layout_rooms
D:10:     layout_stronghold, nzn_wu_jian_contemplation,
          nicolae_yredelemnul_ghost_church, uniq_nergalle
D:11:     layout_loops_ring, serial_shops, shop
Temple:   pf_slimified_temple
Lair:1:   layout_gridlike, basic_altar, beast_lair_carwin_10

Skill      XL: |  1  2  3  4  5  6  7  8  9 10 11 |
---------------+----------------------------------+-----
Fighting       | 1 2 3 4 5 |  5.5
Transmutations | 2 3 4 6 7 |  7.4
Dodging        | 2 3 4 5 |  5.7
Unarmed Combat | 4 5 7 8 9 10 | 10.1
Spellcasting   | 2 3 4 |  4.4
Maces & Flails | 2 3 4 |  4.2

Action                   |  1- 3 |  4- 6 |  7- 9 | 10-12 || total
-------------------------+-------+-------+-------+-------++-------
Melee: Unarmed           |    52 |       |   218 |   134 ||   404
       Kick              |     7 |    22 |    49 |    46 ||   124
       Dagger            |   109 |   116 |       |       ||   225
       Headbutt          |     4 |    16 |    20 |    22 ||    62
       Punch             |     1 |     8 |     7 |     8 ||    24
       Mace              |       |    83 |    76 |    15 ||   174
       Dire flail        |       |       |       |    49 ||    49
 Cast: Beastly Appendage |     7 |    14 |    21 |    14 ||    56
       Wereblood         |       |     5 |     9 |     6 ||    20
  Use: Scroll            |       |       |     4 |     8 ||    12
       Potion            |       |       |       |     3 ||     3
 Stab: Sleeping          |       |     1 |     2 |       ||     3
Armor: Robe              |    87 |   125 |   121 |    14 ||   347
       Troll leather arm |       |       |       |    95 ||    95
Dodge: Dodged            |   107 |   129 |   196 |   222 ||   654

Table legend: (Time is in decaauts)
 A = Elapsed time spent in this place.
 B = Non-inter-level travel time spent in this place.
 C = Inter-level travel time spent in this place.
 D = Time resting spent in this place.
 E = Time spent auto-exploring this place.
 F = Levels seen in this place.
 G = Mean time per level.
                   A        B        C        D        E       F      G
               +--------+--------+--------+--------+--------+-----+--------+
         Total |   9960 |   9201 |    759 |     50 |   7254 |  13 |  766.2 |
       Dungeon |   9753 |   9025 |    728 |     50 |   7132 |  11 |  886.6 |
        Temple |     78 |     47 |     31 |      0 |     42 |   1 |   78.0 |
          Lair |    128 |    128 |      0 |      0 |     80 |   1 |  128.0 |
               +--------+--------+--------+--------+--------+-----+--------+

Top non-repeatable levels by time:
     D:2: 1278 daAuts
     D:6: 1237 daAuts
     D:5: 1167 daAuts
    D:10: 1067 daAuts
     D:4: 921 daAuts
     D:1: 820 daAuts
     D:7: 801 daAuts
     D:8: 786 daAuts
     D:3: 633 daAuts
    D:11: 569 daAuts
     D:9: 469 daAuts
  Lair:1: 128 daAuts
  Temple: 78 daAuts
